[Event "Rapid del Mercoledì"]
[Site "Chess.com"]
[Date "2020.04.29"]
[Round "1"]
[White "crippo"]
[Black "paolo58pr"]
[Result "1-0"]
[WhiteElo "1461"]
[BlackElo "1115"]
[TimeControl "720+3"]
[EndTime "11:35:21 PDT"]
[Termination "crippo ha vinto per abbandono"]

1. e4 c5 2. Nc3 e5 3. Nf3 Nc6 4. a4 d6 5. Bc4 Nf6 6. d3 Be7 7. Bg5 O-O 8. Qd2 Bg4 9. h3 Bxf3 10. gxf3 Nh5 11. Be3 Nd4 12. Bxd4 cxd4 13. Ne2 Bg5 14. Qb4 b6 15. Rg1 Nf4 16. Nxf4 Bxf4 17. Rg4 a5 18.
Qb3 Qf6 19. Ke2 Rab8 20. Rag1 g6 21. Qa2 h5 22. R4g2 Bh6 23. Rxg6+ 1-0

[Event "Rapid del Mercoledì"]
[Site "Chess.com"]
[Date "2020.04.29"]
[Round "1"]
[White "Mrtre7"]
[Black "Carbon"]
[Result "0-1"]
[WhiteElo "1257"]
[BlackElo "1784"]
[TimeControl "720+3"]
[EndTime "11:46:46 PDT"]
[Termination "Carbon ha vinto per abbandono"]

1. d4 Nf6 2. c4 g6 3. Nc3 Bg7 4. e4 d6 5. Nf3 O-O 6. Be2 e5 7.
Be3 Ng4 8. Bg5 f6 9. Bd2 Nc6 10. d5 Ne7 11. O-O f5 12. h3 Nf6 13. Bd3 f4 14. b4 h6 15. c5 g5 16. cxd6 cxd6 17. Rc1 Ng6 18. Nb5 Ne8 19. Na3 h5 20. b5 g4 21.
hxg4 hxg4 22. Nh2 Qh4 23. g3 fxg3 24. fxg3 Qxg3+ 25. Kh1 Qxd3 26. Rxf8+ Bxf8 27. Nxg4 Qxe4+ 0-1

[Event "Rapid del Mercoledì"]
[Site "Chess.com"]
[Date "2020.04.29"]
[Round "1"]
[White "pedrak"]
[Black "Delsoldato03"]
[Result "1-0"]
[WhiteElo "1648"]
[BlackElo "1246"]
[TimeControl "720+3"]
[EndTime "11:52:51 PDT"]
[Termination "pedrak ha vinto per abbandono"]

1. Nf3 Nf6 2. g3 d5 3. Bg2 c6 4. O-O Nbd7 5. d3 e5 6. Nbd2 Bc5 7. e4 dxe4 8. dxe4 O-O 9. c3 Re8 10. Qc2 Nf8 11. h3 Ng6 12. Re1 Qb6 13. Nf1 Be6 14.
Be3 Rad8 15. Ng5 Bc8 16. b4 Bxe3 17. Nxe3 h6 18. Nf3 Be6 19. a3 Rd7 20. Rad1 Red8 21. Rxd7 Rxd7 22. c4 a5 23. Rb1 axb4 24. axb4 Qd8 25. c5 Rd3 26. Bf1 Rd7 27. Nc4 Bxc4 28. Bxc4 Ne8 29. Kg2 Nc7 30. Qc3 Qe7 31. Ra1 Ne6 32. Nxe5 Nxe5 33. Qxe5 Nc7 34. Qxe7 Rxe7 35. Re1 g6 36. f4 Kg7 37. Kf3 f6 38. Rd1 Ne8 39.
Rd8 g5 40. f5 h5 41. Be6 Nc7 42. Rd7 Rxd7 43. Bxd7 Na6 44. Bc8 Nxb4 45. Bxb7 Nd3 46. Bxc6 Nxc5 47. Bd5 Nd7 48. Ke3 Ne5 49. Bb3 Kh6 50.
Bd1 h4 51. gxh4 gxh4 52. Kf4 Nc4 53. Be2 Ne5 54. Bb5 Kh5 55. Be8+ Kh6 56. Ke3 Kg5 57. Ba4 Kh6 58. Kf4 Kh5 59. Bd1+ Kh6 60. Bg4 Kg7 61. Ke3 Kh6 62. Kd4 Kg5 63. Bd1 Kf4 64. Kd5 Kg5 65. Ke6 Kf4 66. Kxf6 Kxe4 67. Kg5 Nf7+ 68. Kg6 Ne5+ 69. Kf6 Kf4 70. Ke6 Kg5 71. f6 Ng6 72.
Bc2 Nh8 73. f7 Nxf7 74. Kxf7 Kf4 75. Ba4 Kg3 76. Bd7 Kf4 77. Kf6 Kf3 78. Kg5 Kg3 79. Be6 1-0

[Event "Rapid del Mercoledì"]
[Site "Chess.com"]
[Date "2020.04.29"]
[Round "1"]
[White "sirmale49"]
[Black "fausto2p"]
[Result "1-0"]
[WhiteElo "1421"]
[BlackElo "1010"]
[TimeControl "720+3"]
[EndTime "11:55:24 PDT"]
[Termination "sirmale49 ha vinto per tempo"]

1. e4 e6 2. f4 d5 3. e5 c5 4. Nf3 h6 5. d4 Nc6 6. Bb5 Bd7 7.
Nc3 a6 8. Bxc6 Bxc6 9. O-O Ne7 10. g4 b5 11. dxc5 Ng6 12. Be3 b4 13. Ne2 Bb5 14.
Nfd4 Bxc5 15. c3 a5 16. Kh1 Bxd4 17. Bxd4 Rc8 18. Rg1 Bxe2 19. Qxe2 Nxf4 20. Qb5+ Qd7 21. Qxd7+ Kxd7 22. Rgf1 Nd3 23. Rxf7+ Kc6 24. cxb4 axb4 25. Rf3 Nc5 26. Rc1 Kb5 27. Rf7 g5 28. Re7 Rhf8 29. Bxc5 Rxc5 30. Rxc5+ Kxc5 31. Rxe6 Rf4 32. h3 Re4 33.
Re8 d4 34. Kg1 d3 35. Kf2 d2 36. Rd8 Rxe5 37. Rxd2 Re4 38. b3 Rf4+ 39. Kg3 Rf1 40. Rc2+ Kb5 41. Kg2 Rf4 42. Rc8 Rf6 43. Kg3 Rf1 44.
Rc2 Rf6 45. h4 Rf4 46. hxg5 hxg5 47. Re2 Rf1 48. Re5+ Kc6 49. Rxg5 Ra1 50. Ra5 Kb6 51. Ra4 1-0

[Event "Rapid del Mercoledì"]
[Site "Chess.com"]
[Date "2020.04.29"]
[Round "1"]
[White "moha1812med"]
[Black "Luca090267"]
[Result "0-1"]
[WhiteElo "1018"]
[BlackElo "1447"]
[TimeControl "720+3"]
[EndTime "11:58:44 PDT"]
[Termination "Luca090267 ha vinto per abbandono"]

1. d4 Nf6 2. c4 g6 3. Nc3 Bg7 4.
e4 d6 5. Nf3 O-O 6. Be2 e5 7.
d5 a5 8. O-O Nbd7 9. Qc2 Nc5 10. h3 Ne8 11. Bg5 f6 12. Be3 h6 13. Rad1 b6 14.
a3 Kh7 15. b4 axb4 16. axb4 Nb7 17. c5 bxc5 18. bxc5 f5 19. c6 Na5 20. exf5 Bxf5 21.
Bd3 Nc4 22. Bxf5 gxf5 23. Qb3 Nxe3 24. fxe3 Rb8 25. Qc2 Kh8 26. Rb1 f4 27. Rxb8 Qxb8 28. Rb1 Qa7 29. Nd1 fxe3 30. Rb7 Qa3 31. Qe2 e4 32.
Nh4 Kh7 33. Nxe3 Bd4 34. Kh2 Qxe3 35. Qxe3 Bxe3 36. Kg3 Bf2+ 37. Kg4 Nf6+ 38. Kf4 Bxh4 39. Rxc7+ Kg8 40. Rb7 Bg5+ 41. Kg3 Nxd5 42. c7 Nxc7 43. Rxc7 d5 44. Rc6 Kg7 45. h4 Bf6 46. Re6 Kf7 47.
Ra6 d4 48. Ra4 Re8 49. Ra7+ Kg6 50. Kg4 Re7 51. h5+ Kf7 52. Ra4 e3 53. Ra1 e2 0-1

[Event "Rapid del Mercoledì"]
[Site "Chess.com"]
[Date "2020.04.29"]
[Round "1"]
[White "SanSecondoPR"]
[Black "laremaro"]
[Result "0-1"]
[WhiteElo "1240"]
[BlackElo "1592"]
[TimeControl "720+3"]
[EndTime "11:58:51 PDT"]
[Termination "laremaro ha vinto per tempo"]

1. e4 d5 2. Nf3 dxe4 3. Ng5 Nf6 4. d3 b6 5. Nc3 Bb7 6. Bf4 h6 7. Ngxe4 Nxe4 8. Nxe4 e6 9. Be2 Be7 10. O-O Nd7 11. Bf3 O-O 12. Qe2 Rb8 13. Rad1 Nc5 14. a3 Nxe4 15. dxe4 Qc8 16. Rfe1 Rd8 17. Qc4 Bd6 18. Be3 c5 19. Qb3 Be5 20. c3 Qc7 21. g3 Bc6 22. Qc2 Rxd1 23. Qxd1 Rd8 24. Qe2 Qd7 25.
Qf1 Qd3 26. Qg2 Qc2 27. Bc1 Bb5 28. h4 Bxc3 29. bxc3 Qxc3 30. Re3 Qxc1+ 31. Kh2 Rd2 32. e5 Qb2 33. Kg1 c4 34. Re1 c3 35. Bc6 Rxf2 36.
Qe4 Rd2 37. Bxb5 Qxb5 38. Qa8+ Kh7 39. Qe4+ g6 40. Qf3 Qc5+ 41. Kh1 Qd5 42. Qxd5 exd5 43.
Kg1 c2 44. Kf1 d4 0-1

[Event "Rapid del Mercoledì"]
[Site "Chess.com"]
[Date "2020.04.29"]
[Round "2"]
[White "moha1812med"]
[Black "SanSecondoPR"]
[Result "0-1"]
[WhiteElo "976"]
[BlackElo "1251"]
[TimeControl "720+3"]
[EndTime "12:04:35 PDT"]
[Termination "SanSecondoPR ha vinto per abbandono"]

1. d4 d5 2. c4 e5 3. e3 Bb4+ 4. Bd2 Nc6 5. Bxb4 Nxb4 6. Qa4+ Nc6 7.
Nf3 e4 8. Ne5 Ne7 9. cxd5 Qxd5 10.
Nxc6 Nxc6 11. Bc4 Qg5 12. d5 Qxg2 13. dxc6 Qxh1+ 14. Ke2 Bg4+ 15. Kd2 O-O-O+ 16. Kc3 Qe1+ 17. Nd2 Qxd2+ 18. Kb3 0-1

[Event "Rapid del Mercoledì"]
[Site "Chess.com"]
[Date "2020.04.29"]
[Round "2"]
[White "Delsoldato03"]
[Black "paolo58pr"]
[Result "1-0"]
[WhiteElo "1269"]
[BlackElo "1023"]
[TimeControl "720+3"]
[EndTime "12:05:31 PDT"]
[Termination "Delsoldato03 ha vinto per abbandono"]

1. e4 c5 2. Nf3 d6 3. d4 cxd4 4. Nxd4 Nf6 5. Nc3 e5 6. Nb3 Be7 7. Bg5 h6 8. Bxf6 Bxf6 9. Nd5 Nc6 10. Qf3 O-O 11. Nxf6+ Qxf6 12. Qxf6 gxf6 13. f3 Be6 14. O-O-O Rfd8 15. Be2 Rac8 16. Rd2 Bxb3 17. axb3 Nd4 18. Bc4 a6 19. Rhd1 b5 20. Bd5 Rc7 21. c3 Ne6 22.
Bxe6 fxe6 23. Rxd6 b4 24. Rxd8+ Kf7 25. R1d7+ 1-0

[Event "Rapid del Mercoledì"]
[Site "Chess.com"]
[Date "2020.04.29"]
[Round "2"]
[White "Luca090267"]
[Black "pedrak"]
[Result "0-1"]
[WhiteElo "1424"]
[BlackElo "1661"]
[TimeControl "720+3"]
[EndTime "12:06:08 PDT"]
[Termination "pedrak ha vinto per scaccomatto"]

1. e4 d6 2. d4 Nf6 3. Nc3 g6 4. Nf3 Bg7 5. Be2 O-O 6. O-O Nbd7 7. h3 e5 8. d5 a5 9. Nd2 Nc5 10. f3 h6 11. Nb3 b6 12. Nxc5 bxc5 13. Be3 Kh7 14.
Qd2 Nh5 15. Bf2 f5 16. Nd1 f4 17. Kh2 Bf6 18. Bb5 Bh4 19. Bxh4 Qxh4 20. Qf2 Ng3 21. Re1 g5 22. Bc6 Rb8 23. b3 g4 24. Nc3 gxh3 25. Kg1 h2# 0-1

[Event "Rapid del Mercoledì"]
[Site "Chess.com"]
[Date "2020.04.29"]
[Round "2"]
[White "laremaro"]
[Black "riccardocanossa"]
[Result "1-0"]
[WhiteElo "1599"]
[BlackElo "858"]
[TimeControl "720+3"]
[EndTime "12:06:26 PDT"]
[Termination "laremaro ha vinto per scaccomatto"]

1. e4 e5 2. Nf3 Nc6 3. Bb5 a6 4. Ba4 Nf6 5. d3 b5 6. Bb3 Bc5 7. O-O O-O 8. Nxe5 Nxe5 9. d4 Bxd4 10. Qxd4 Nc6 11. Qd3 d6 12. Bg5 h6 13. Bh4 Re8 14. Nc3 Bb7 15. Nd5 Ne5 16. Nxf6+ gxf6 17. Qg3+ Ng6 18. Qxg6+ Kf8 19. Qxf7# 1-0

[Event "Rapid del Mercoledì"]
[Site "Chess.com"]
[Date "2020.04.29"]
[Round "2"]
[White "Carbon"]
[Black "crippo"]
[Result "0-1"]
[WhiteElo "1757"]
[BlackElo "1509"]
[TimeControl "720+3"]
[EndTime "12:20:31 PDT"]
[Termination "crippo ha vinto per abbandono"]

1. e4 e5 2. Nf3 Nc6 3. Bb5 d6 4. Bxc6+ bxc6 5. d4 exd4 6. Nxd4 c5 7. Nc6 Qd7 8. Na5 Nf6 9. O-O Be7 10. Re1 O-O 11.
b3 Ng4 12. Bb2 Bh4 13. Re2 Qe6 14. h3 Ne5 15. f4 Nd7 16. Nd2 Bg3 17. f5 Qh6 18.
Nf3 Ba6 19. Nc4 Rae8 20. Nh2 Bxc4 21. bxc4 Ne5 22. Bxe5 Bxe5 23. Ng4 Qg5 24. Nxe5 Rxe5 25. Rb1 Rfe8 26. Rb7 Qf4 27. Qd3 h6 28. Rxc7 Rxe4 29.
Rxe4 Rxe4 30. Rc8+ Kh7 31. f6 g6 32. Qf1 Qe5 33.
Qd3 Qa1+ 34. Kh2 Qe5+ 35. Qg3 Qxf6 36. Rc7 a5 37. Rd7 Re6 38. Qf3 Qe5+ 39. Qg3 Qxg3+ 40.
Kxg3 Kg7 41. Ra7 Re4 42. Rxa5 Rxc4 43. a4 Rxc2 44. Ra6 d5 45. a5 d4 46. Rc6 d3 47.
a6 d2 48. Rd6 Ra2 49. a7 d1=Q 50.
Rxd1 Rxa7 51. Rc1 Rc7 52. Rc4 Rc6 53. Kf4 f6 54. Ke4 Kf7 55. Kd5 Rc8 56. Ra4 g5 57. Rc4 Kg6 58. Ke6 h5 59. g4 hxg4 60. hxg4 Re8+ 61. Kd6 Re5 62. Rc1 Re4 63. Rxc5 Rxg4 64. Rc8 Re4 65. Kd5 Kf5 66. Rg8 Re5+ 67. Kd4 g4 68.
Rg7 Kf4 69. Rg6 Re4+ 70. Kd3 f5 71. Kd2 g3 72. Kd3 Kf3 73. Rg5 Re3+ 74. Kd2 f4 75. Rg6 g2 0-1

[Event "Rapid del Mercoledì"]
[Site "Chess.com"]
[Date "2020.04.29"]
[Round "2"]
[White "fausto2p"]
[Black "OMatteoWuO"]
[Result "1-0"]
[WhiteElo "1063"]
[BlackElo "1169"]
[TimeControl "720+3"]
[EndTime "12:22:15 PDT"]
[Termination "fausto2p ha vinto per abbandono"]

1. d4 Nf6 2. c4 g6 3. Nc3 Bg7 4.
e4 d6 5. f3 O-O 6. Be3 Nbd7 7. Nge2 e5 8. d5 Nh5 9. g4 Nf4 10. Nxf4 exf4 11. Bxf4 Bxc3+ 12. bxc3 Qf6 13. Bh6 Qxc3+ 14. Kf2 Re8 15. h4 Ne5 16. Be2 Nxc4 17. Bxc4 Qxc4 18. h5 Qc5+ 19. Be3 Qc3 20. Rc1 Qb2+ 21.
Rc2 Qe5 22. Bd4 Qg5 23. Be3 Qe7 24. hxg6 fxg6 25. Qc1 Bd7 26. Rxc7 Rac8 27. Rxc8 Rxc8 28. Qd2 b6 29. Bg5 Qf7 30. Kg3 Ba4 31. Qb4 Qd7 32. Bf4 Rc5 33. Be3 Rc2 34. a3 b5 35. Bf4 Rc4 36.
Qxd6 Qf7 37. Qb8+ Qf8 38. Qxf8+ Kxf8 39. Bd6+ Kf7 40. Bb4 Kg7 41. Re1 Rd4 42. Bc3 1-0

[Event "Rapid del Mercoledì"]
[Site "Chess.com"]
[Date "2020.04.29"]
[Round "2"]
[White "Mrtre7"]
[Black "sirmale49"]
[Result "1-0"]
[WhiteElo "1324"]
[BlackElo "1408"]
[TimeControl "720+3"]
[EndTime "12:28:33 PDT"]
[Termination "Mrtre7 ha vinto per tempo"]

1. d4 d5 2. c4 e5 3. dxe5 d4 4. Nf3 Nc6 5. Nbd2 Bb4 6. a3 Be7 7. Nb3 Bg4 8. Bf4 Bxf3 9. exf3 g5 10. Bg3 Nh6 11. Bd3 Qd7 12. O-O Nf5 13. Bxf5 Qxf5 14. Nxd4 Nxd4 15. Qxd4 c5 16. Qd5 Qd7 17. Rfe1 Rd8 18.
Qxd7+ Rxd7 19. e6 fxe6 20. Rxe6 O-O 21. Rae1 Re8 22. h3 Kf7 23. Rh6 Kg7 24. Ree6 Rd1+ 25.
Kh2 Rdd8 26. f4 gxf4 27. Bxf4 b6 28. Rh5 Rd7 29. Be5+ Kg8 30. Bf4 Kf7 31. Rhe5 Rdd8 32. g4 Rd7 33. g5 Rd4 34. Kg3 Rxc4 35. h4 Rd4 36. h5 Rd7 37. g6+ hxg6 38. hxg6+ Kg7 39.
Bg5 Rd3+ 40. Kg2 Rd7 41. f4 Rd2+ 42. Kg3 Rd3+ 43. Kg4 Rd7 44. f5 Rd4+ 45. Kf3 Rd7 46. Rxe7+ Rexe7 47. Bxe7 Rd2 48. Ke4 Rxb2 49. f6+ Kxg6 50.
Kd5 Rd2+ 51. Ke6 1-0

[Event "Rapid del Mercoledì"]
[Site "Chess.com"]
[Date "2020.04.29"]
[Round "3"]
[White "pedrak"]
[Black "crippo"]
[Result "1-0"]
[WhiteElo "1676"]
[BlackElo "1493"]
[TimeControl "720+3"]
[EndTime "12:38:53 PDT"]
[Termination "pedrak ha vinto per scaccomatto"]

1. Nf3 Nc6 2. g3 e5 3. d3 Nf6 4.
Bg2 d5 5. O-O Bd6 6. Nbd2 Bg4 7.
h3 Bh5 8. e4 dxe4 9. dxe4 O-O 10. c3 Nd7 11. Qc2 Bg6 12. Re1 Ne7 13. Nh4 Kh8 14.
Nxg6+ Nxg6 15. Nf1 Qe7 16. Be3 Bc5 17. Rad1 Rad8 18.
b4 Bxe3 19. Nxe3 Nb6 20. a3 Rxd1 21. Rxd1 Rd8 22. Rxd8+ Qxd8 23. c4 f6 24. c5 Nc8 25.
Nd5 c6 26. Ne3 Nge7 27. h4 h6 28. Bh3 g6 29. Qc4 Kg7 30. Qe6 b6 31. Nc4 bxc5 32.
bxc5 Qd1+ 33. Kg2 Qd4 34. Nd6 Nxd6 35. Qxe7+ Nf7 36. Be6 Qxe4+ 37. Kh2 h5 38. Qxf7+ Kh6 39. Qf8+ Kh7 40. Qg8+ Kh6 41. Qh8# 1-0

[Event "Rapid del Mercoledì"]
[Site "Chess.com"]
[Date "2020.04.29"]
[Round "3"]
[White "sirmale49"]
[Black "ottovolante"]
[Result "0-1"]
[WhiteElo "1390"]
[BlackElo "1014"]
[TimeControl "720+3"]
[EndTime "12:39:00 PDT"]
[Termination "ottovolante ha vinto per abbandono"]

1. e4 d6 2. f4 e5 3. Nf3 Bg4 4. Nc3 c6 5. f5 Nf6 6. d3 h6 7. h3 Bxf3 8. Qxf3 Qd7 9. g4 Be7 10. Be3 Bd8 11. Be2 Bb6 12. Bxb6 axb6 13. a3 Na6 14. Qf2 Qc7 15. d4 O-O-O 16. Bxa6 bxa6 17. O-O-O Rhe8 18. Rd3 exd4 19. Qe3 dxe3 0-1

[Event "Rapid del Mercoledì"]
[Site "Chess.com"]
[Date "2020.04.29"]
[Round "3"]
[White "laremaro"]
[Black "Carbon"]
[Result "1/2-1/2"]
[WhiteElo "1634"]
[BlackElo "1752"]
[TimeControl "720+3"]
[EndTime "12:45:25 PDT"]
[Termination "Partita patta per ripetizione di mosse"]

1. e4 e6 2. d4 d5 3. exd5 exd5 4. Nf3 Bg4 5. Bd3 Nf6 6. O-O Be7 7. Bg5 O-O 8. Nbd2 Nbd7 9. c3 c6 10. Qc2 Re8 11.
Rae1 Nf8 12. Ne5 Bh5 13. Re3 Ne6 14. Bh4 Nf4 15. Bg3 Nxd3 16. Qxd3 Ng4 17. Nxg4 Bxg4 18. Rfe1 Qd7 19. Nf3 Bxf3 20. Rxf3 Bg5 21. Rxe8+ Rxe8 22. Qd1 Qe6 23. h4 Qe1+ 24. Qxe1 Rxe1+ 25. Kh2 Bf6 26. Re3 Rxe3 27. fxe3 Kf8 28. Kh3 Ke8 29. Kg4 Kd7 30. Kf5 Ke7 31. h5 g6+ 32. hxg6 hxg6+ 33. Kf4 Ke6 34.
e4 dxe4 35. Kxe4 Bg5 36. b3 Bd2 37. c4 f5+ 38. Kf3 g5 39. Bb8 a6 40. g4 Bc3 41.
Ba7 Bb2 42. Bc5 Bc3 43. Ba7 Bb2 44. Bc5 Bc3 45. Ba7 1/2-1/2

[Event "Rapid del Mercoledì"]
[Site "Chess.com"]
[Date "2020.04.29"]
[Round "3"]
[White "paolo58pr"]
[Black "OMatteoWuO"]
[Result "1-0"]
[WhiteElo "1171"]
[BlackElo "1147"]
[TimeControl "720+3"]
[EndTime "12:46:44 PDT"]
[Termination "paolo58pr ha vinto per abbandono"]

1. e4 c5 2. c3 Nc6 3. Nf3 Nf6 4. e5 Nd5 5. d4 cxd4 6. Be2 e6 7. cxd4 d6 8. O-O dxe5 9. dxe5 Be7 10. Bb5 Bd7 11. Bxc6 Bxc6 12. Nd4 Qc7 13. Nxc6 bxc6 14. Bd2 Qxe5 15.
Re1 Qc7 16. Nc3 O-O 17. Rc1 Rab8 18. b3 Rfd8 19. Qe2 Qd6 20. Ne4 Qa3 21. Bg5 Bxg5 22.
Nxg5 Qe7 23. Qh5 Nf6 24. Rxc6 Rd2 25. Qf3 Rxa2 26. Rec1 h6 27. Ne4 Nxe4 28. Qxe4 Qd7 29. b4 Rd2 30. h3 Rd4 31. Qf3 Rdxb4 32. Rc7 Qd8 33. Qxf7+ 1-0

[Event "Rapid del Mercoledì"]
[Site "Chess.com"]
[Date "2020.04.29"]
[Round "3"]
[White "fausto2p"]
[Black "Mrtre7"]
[Result "0-1"]
[WhiteElo "1050"]
[BlackElo "1340"]
[TimeControl "720+3"]
[EndTime "12:52:18 PDT"]
[Termination "Mrtre7 ha vinto per tempo"]

1. d4 d5 2. c4 c6 3. Nc3 e6 4. Nf3 dxc4 5. a4 Bb4 6. e3 a5 7. Bxc4 b5 8. axb5 cxb5 9. Bxb5+ Bd7 10.
Bxd7+ Nxd7 11. O-O Ngf6 12. Na2 Bd6 13. Nc3 O-O 14. b3 Rb8 15. Ba3 Bxa3 16. Rxa3 Qb6 17. Qc2 Rfc8 18. Qd3 Qb4 19. Nb1 Rd8 20. Rc1 Rdc8 21.
Rxc8+ Rxc8 22. Qd1 Nb6 23. Ne5 Ne4 24. Nd3 Qb5 0-1

[Event "Rapid del Mercoledì"]
[Site "Chess.com"]
[Date "2020.04.29"]
[Round "3"]
[White "riccardocanossa"]
[Black "Delsoldato03"]
[Result "1-0"]
[WhiteElo "1142"]
[BlackElo "1214"]
[TimeControl "720+3"]
[EndTime "12:55:09 PDT"]
[Termination "riccardocanossa ha vinto per abbandono"]

1. d4 Nf6 2. c4 e6 3. Nc3 Bb4 4. Bd2 O-O 5. a3 Be7 6. Nf3 d5 7. e3 Nbd7 8. Bd3 c5 9. cxd5 exd5 10. O-O Nb6 11. Qc2 h6 12. e4 dxe4 13. Nxe4 cxd4 14. Nxf6+ Bxf6 15. Bh7+ Kh8 16. Be4 Rb8 17. Bf4 Ra8 18. Rad1 Qe7 19. Nxd4 Rd8 20. Nf5 Bxf5 21. Bxf5 g6 22. Rfe1 Qf8 23. Bh3 Bg7 24. Be5 Rxd1 25. Bxg7+ Qxg7 26. Rxd1 Qe5 27. g3 Re8 28. Qd2 Kg7 29. Kf1 Nc4 30. Qd4 Qxd4 31. Rxd4 Nxb2 32.
Rb4 Nd3 33. Rxb7 a6 34. Ra7 Re1+ 35. Kg2 Re2 36. Rxa6 Rxf2+ 37. Kg1 Ra2 38. Ra7 Ne1 39. Be6 Nf3+ 40. Kf1 Nxh2+ 41. Kg1 Nf3+ 42. Kf1 Ra1+ 43.
Ke2 Ng5 44. Bb3 Ne6 45. Bxe6 1-0

[Event "Rapid del Mercoledì"]
[Site "Chess.com"]
[Date "2020.04.29"]
[Round "3"]
[White "SanSecondoPR"]
[Black "Luca090267"]
[Result "1-0"]
[WhiteElo "1283"]
[BlackElo "1364"]
[TimeControl "720+3"]
[EndTime "12:55:38 PDT"]
[Termination "SanSecondoPR ha vinto per abbandono"]

1. e4 e5 2. d4 exd4 3. c3 dxc3 4. Bc4 d6 5. Qb3 Qe7 6. Nxc3 Nf6 7. Nf3 h6 8. O-O b6 9. Bf4 Bb7 10. Nd5 Nxd5 11.
exd5 Qd7 12. Rfe1+ Kd8 13. Bb5 c6 14. dxc6 Bxc6 15.
Bc4 Kc7 16. Bxf7 Na6 17. Be6 Qd8 18. Rac1 Nc5 19. Qe3 Kb7 20. Bh3 Bd7 21. b4 Bxh3 22.
bxc5 Bf5 23. c6+ Kc7 24. Nd4 Bc8 25. Qc3 a6 26. a4 Bg4 27. a5 b5 28. Qe3 g5 29.
Bg3 Rh7 30. Nb3 Qb8 31. Qe4 Re7 32. Qxg4 Rxe1+ 33. Rxe1 Kxc6 34. Rc1+ Kd5 35. Qd4+ Ke6 36. Re1+ Kf7 37. Qd5+ Kg7 38. Nd4 Kh8 39. Nc6 Qc7 40.
Re6 Rc8 41. Qd4+ Kh7 42. Qe4+ Kh8 43. Nd4 Qc1+ 44. Qe1 Qc4 45. Nf3 d5 46. Be5+ Bg7 47.
Bxg7+ Kxg7 48. Re7+ Kf8 49. Rh7 Kg8 50. Rxh6 Qc1 51.
Re6 Qxe1+ 52. Rxe1 g4 53. Ne5 d4 54. Nxg4 d3 55.
Ne3 d2 56. Rd1 Rc1 57. Kf1 Kf7 58. Ke2 Rxd1 59. Kxd1 Ke6 60. Kxd2 Kd6 61. Kc3 Kc5 62. Kb3 Kd4 63. Kb4 Kd3 64. h4 Ke2 65. h5 Kxf2 66. Nd5 Kxg2 67. h6 Kf3 68. h7 Ke4 69.
Nc7 1-0

[Event "Rapid del Mercoledì"]
[Site "Chess.com"]
[Date "2020.04.29"]
[Round "4"]
[White "Delsoldato03"]
[Black "moha1812med"]
[Result "1-0"]
[WhiteElo "1230"]
[BlackElo "942"]
[TimeControl "720+3"]
[EndTime "13:01:55 PDT"]
[Termination "Delsoldato03 ha vinto per abbandono"]

1. e4 e5 2. Nf3 Nc6 3. Bb5 Nf6 4. d3 Bc5 5. Bxc6 dxc6 6. O-O O-O 7. Nxe5 h6 8. Re1 Qd4 9. Nf3 Qd5 10. exd5 Bb4 11.
Bd2 Bc5 12. dxc6 bxc6 13. d4 Bd6 14. Ne5 1-0

[Event "Rapid del Mercoledì"]
[Site "Chess.com"]
[Date "2020.04.29"]
[Round "4"]
[White "paolo58pr"]
[Black "sirmale49"]
[Result "1/2-1/2"]
[WhiteElo "1220"]
[BlackElo "1386"]
[TimeControl "720+3"]
[EndTime "13:03:53 PDT"]
[Termination "Patta d'accordo"]

1. e4 e5 2. Nf3 Nc6 3. Bc4 Nd4 4. d3 Nxf3+ 5. Qxf3 Qf6 6. Nd2 Qxf3 7. Nxf3 d6 8. Ng5 Nh6 9. O-O Be7 10. Bd2 O-O 11. f4 exf4 12. Bxf4 Bxg5 13. Bxg5 Be6 14. Bxe6 fxe6 15.
Rxf8+ Rxf8 16. Bxh6 gxh6 17. Rf1 Rxf1+ 18. Kxf1 Kg7 19. Kf2 Kg6 20. Kf3 Kg5 21. g3 e5 22.
c4 h5 23. h4+ Kg6 24. g4 h6 25. b4 hxg4+ 26. Kxg4 h5+ 27. Kf3 a6 28. a4 b6 29.
Ke3 Kf6 30. d4 c6 31. d5 c5 32. b5 a5 33. Kf3 1/2-1/2

[Event "Rapid del Mercoledì"]
[Site "Chess.com"]
[Date "2020.04.29"]
[Round "4"]
[White "pedrak"]
[Black "laremaro"]
[Result "0-1"]
[WhiteElo "1653"]
[BlackElo "1710"]
[TimeControl "720+3"]
[EndTime "13:08:44 PDT"]
[Termination "laremaro ha vinto per abbandono"]

1. Nf3 Nf6 2. g3 c5 3. Bg2 Nc6 4.
O-O g6 5. d3 Bg7 6. e4 d6 7. h3 O-O 8. Be3 b6 9. c3 Bb7 10. Qc1 Re8 11. Nbd2 d5 12. e5 Nd7 13. d4 cxd4 14. cxd4 e6 15. Re1 Rc8 16. Qd1 Nb4 17. Rf1 Ba6 18. a3 Nc2 19. Rc1 Nxe3 20. fxe3 Bxf1 21.
Bxf1 Rxc1 22. Qxc1 Qc8 23. Qb1 Bh6 24. Kf2 a6 25. g4 b5 26. g5 Bf8 27. Bd3 Nb6 28.
h4 Nc4 29. Nxc4 bxc4 30. Bc2 c3 31. b4 Qc7 32. h5 Rc8 33. hxg6 hxg6 34. Nh4 Qb7 35.
Bxg6 fxg6 36. Qxg6+ Bg7 37. Qxe6+ Qf7+ 38. Qf5 Qxf5+ 39.
Nxf5 c2 40. Ne7+ Kf7 41. Nxc8 c1=Q 42. Nd6+ Kg8 43. e6 Bf8 44. Nf5 Qc2+ 0-1

[Event "Rapid del Mercoledì"]
[Site "Chess.com"]
[Date "2020.04.29"]
[Round "4"]
[White "ottovolante"]
[Black "Mrtre7"]
[Result "0-1"]
[WhiteElo "1012"]
[BlackElo "1351"]
[TimeControl "720+3"]
[EndTime "13:14:04 PDT"]
[Termination "Mrtre7 ha vinto per abbandono"]

1. Nf3 d5 2. d4 Nf6 3. h3 c5 4. e3 Nc6 5. Bb5 a6 6. Bxc6+ bxc6 7. Bd2 cxd4 8. Nxd4 c5 9. Nf3 Bf5 10. O-O e6 11. Bc3 Bd6 12. Nh2 O-O 13. f4 Ne4 14. Be1 d4 15. exd4 cxd4 16. Nd2 Rc8 17. Nxe4 Bxe4 18. Rc1 Qb6 19. Bf2 e5 20. b3 Ba3 21. Rb1 Bxc2 22. Qd2 Bxb1 23. fxe5 Rc2 24. Qg5 Rxf2 25. Rxf2 d3 26. Qd2 Bb4 27. Qd1 Bc2 28. Qc1 Bc5 29. Qd2 Bxf2+ 30. Qxf2 Qxf2+ 31. Kxf2 Rd8 32. Nf3 d2 33. Nxd2 Rxd2+ 34. Ke3 Rxg2 0-1

[Event "Rapid del Mercoledì"]
[Site "Chess.com"]
[Date "2020.04.29"]
[Round "4"]
[White "crippo"]
[Black "SanSecondoPR"]
[Result "1-0"]
[WhiteElo "1505"]
[BlackElo "1273"]
[TimeControl "720+3"]
[EndTime "13:17:43 PDT"]
[Termination "crippo ha vinto per abbandono"]

1. e4 e5 2. Nf3 Nc6 3. Bc4 Nf6 4. d3 d5 5. exd5 Nxd5 6. Nc3 Nxc3 7. bxc3 Be7 8. O-O O-O 9. h3 a6 10. Re1 Bf6 11.
Bb3 Bf5 12. Bd2 Na5 13. Rb1 Nxb3 14. Rxb3 Be6 15. c4 b5 16. Nxe5 bxc4 17. Nxc4 Qd5 18.
Bc3 Bh4 19. Re5 Qd7 20. Qh5 Bf6 21. Re3 Bd4 22. Rg3 Bxc4 23. dxc4 Bxc3 24. Rbxc3 Qd2 25. Qe5 Qd1+ 26. Kh2 f6 27. Qxc7 Rf7 28. Qc6 Raf8 29. c5 h5 30. Qxa6 h4 31. Rgd3 Qf1 32. Qa4 Qxf2 33. Rf3 Qe1 34. Qxh4 Qe5+ 35. Qf4 Qd5 36. Rfd3 Qxa2 37. c6 g5 38. Qf3 Qa6 39. Rd7 Qc8 40. Rxf7 Rxf7 41. Qd5 Kg7 42. g3 g4 43. Qh5 gxh3 44.
Qxh3 Qd8 45. Qg4+ Kf8 46. Qb4+ Kg8 47. Rc4 Rh7+ 48. Rh4 Rxh4+ 49. Qxh4 Qd2+ 50. Kh3 Qd6 51. Qg4+ Kf7 52. Qd7+ 1-0

[Event "Rapid del Mercoledì"]
[Site "Chess.com"]
[Date "2020.04.29"]
[Round "4"]
[White "Carbon"]
[Black "riccardocanossa"]
[Result "1/2-1/2"]
[WhiteElo "1741"]
[BlackElo "1288"]
[TimeControl "720+3"]
[EndTime "13:18:27 PDT"]
[Termination "Patta d'accordo"]

1. e4 e5 2. Nf3 Nc6 3. Bc4 Bc5 4. c3 Nf6 5. d3 O-O 6. Nbd2 a5 7.
Bb3 d6 8. O-O Bg4 9. h3 Bh5 10.
Re1 b5 11. Nf1 Re8 12. Ng3 Bg6 13. Bg5 h6 14. Be3 Bxe3 15. Rxe3 a4 16. Bc2 Nh5 17. Nxh5 Bxh5 18. g4 Bg6 19. Rc1 h5 20. Kg2 hxg4 21.
hxg4 d5 22. d4 exd4 23. Nxd4 Nxd4 24. Qxd4 dxe4 25. Qxd8 Raxd8 26. Rce1 Kf8 27. R1e2 Rd6 28. Kg3 f6 29. Bxe4 Bxe4 30. Rxe4 Rxe4 31. Rxe4 Rd2 32. Rb4 c6 33. c4 bxc4 34. Rxc4 Rxb2 35. Rxa4 Kf7 36.
Ra6 g6 37. a4 Rb3+ 38. f3 Ra3 39.
a5 c5 40. Ra8 c4 41. a6 c3 42. a7 c2 43. Rc8 Rxa7 44. Rxc2 Ra6 45. Rc7+ Ke6 46.
Rc8 Ra4 47. Re8+ Kf7 48. Rb8 g5 49. Rc8 Ra5 50. Rc7+ Kg6 51. Rb7 f5 52. Rb6+ Kf7 53. gxf5 Rxf5 54. Kg4 Rf4+ 55. Kg3 Ra4 1/2-1/2